Map: Frozen Temple

Players

Changy

  • Race: Protoss Protoss

Gracz - Winner!

  • Race: Zerg Zerg
  • League: Silver

VOD

Have the link to the VOD?

Description

Time

  • Played on: Oct. 23, 2016, 11:06 a.m.
  • Length: 4:58
Show
View Real Time Build Order
Export as new Build Order

Changy Protoss 

Build Orders:  

Get SALT Encoding   

  12  0:05  Probe (Chrono Boost)  
  13  0:15  Probe (Chrono Boost)  
  14  0:25  Pylon  
  14  0:26  Probe (Chrono Boost)  
  15  0:44  Probe (Chrono Boost)  
  16  0:50  Gateway  
  16  0:54  Probe (Chrono Boost)  
  17  1:00  Assimilator  
  17  1:30  Pylon  
  17  1:35  Probe (Chrono Boost)  
  18  1:40  Zealot  
  20  1:47  Assimilator  
  20  1:50  Pylon  
  20  1:57  Cybernetics Core  
  20  2:00  Probe (Chrono Boost)  
  21  2:15  Probe (Chrono Boost)  
  22  2:16  Pylon  
  22  2:23  Warp Gate  
  22  2:25  Zealot  
  22  2:26  Probe (Chrono Boost)  
  25  2:42  Probe (Chrono Boost)  
  26  2:54  Stalker  
  26  2:58  Probe (Chrono Boost)  
  29  3:04  Gateway  
  29  3:06  Gateway x2  
  29  4:02  Pylon  
  29  4:23  Pylon  
  26  4:41  Stalker x2  
  26  4:42  Stalker x2  
Show
View Real Time Build Order
Export as new Build Order

Gracz Zerg - Winner!

Build Orders: Hatch First 

Get SALT Encoding   

  12  0:02  Drone  
  13  0:12  Drone  
  14  0:21  Overlord  
  14  0:46  Drone  
  14  0:48  Unknown, Hatchery  
  14  0:59  Drone  
  15  1:08  Spawning Pool  
  15  1:09  Drone  
  15  1:20  Drone  
  16  1:30  Extractor, Drone x2  
  17  1:35  Extractor, Drone  
  17  1:47  Drone  
  17  1:54  Drone  
  19  1:59  Unknown  
  19  2:01  Drone  
  19  2:05  Queen  
  22  2:11  Drone  
  23  2:18  Drone  
  24  2:28  Drone  
  25  2:32  Metabolic Boost  
  25  2:37  Roach Warren  
  25  2:38  Drone  
  25  2:45  Queen  
  25  2:46  Drone  
  28  2:58  Lair  
  28  3:03  Overlord  
  28  3:21  Drone x2  
  28  3:22  Drone x2  
  32  3:32  Overlord x2  
  32  3:49  Pneumatized Carapace  
  32  4:01  Roach x3  
  32  4:02  Roach x4  
  46  4:04  Zergling x2  
  46  4:07  Zergling x2  
  48  4:38  Roach x2  
Tags
 
Add a new tag
Caveats
  • Supply blocks, unpowered buildings, or Contaminate may cause inaccurate times.
  • Supply counts are checked every 10 seconds.